 Dungeon Crawl Stone Soup version 0.23.2-1-ga50397a (webtiles) character file.

Game seed: 15336688736684589072

164470 doot the Scorcher (level 17, -12/130 HPs)
             Began as a Hill Orc Fire Elementalist on Apr 23, 2019.
             Was the Champion of Beogh.
             Killed from afar by a deep elf knight (31 damage)
             ... with a shard of ice
             ... on level 3 of the Elven Halls on Apr 24, 2019.
             The game lasted 02:55:45 (39019 turns).

doot the Scorcher (Hill Orc Fire Elementalist)     Turns: 39019, Time: 02:55:47

Health: -12/130    AC:  9    Str: 14    XL:     17   Next: 56%
Magic:  32/42      EV: 17    Int: 22    God:    Beogh [******]
Gold:   233        SH:  0    Dex: 17    Spells: 3/40 levels left

rFire    + . .     SeeInvis .   W - staff of fire
rCold    . . .     Gourm    .   (no shield)
rNeg     . . .     Faith    +   R - +0 troll leather armour
rPois    .         Spirit   .   (no helmet)
rElec    +         Reflect  .   F - +2 cloak
rCorr    .         Harm     .   (no gloves)
MR       ++...                  D - +0 pair of boots "Lorer" {Dex+5 Stlth-}
Stlth    +++.......             H - amulet of faith
HPRegen  0.71/turn              u - ring "Toreihet" {*Contam +Fly rElec MR+ Int+4}
MPRegen  0.28/turn              p - ring of magical power

@: invisible
A: walk on water, camouflage 1, evolution 1, sturdy frame 1
}: 1/15 runes: barnacled
a: Smiting, Recall Orcish Followers, Give Item to Named Follower, Resurrection,
Renounce Religion, Evoke Flight


You were on level 3 of the Elven Halls.
You worshipped Beogh.
Beogh was exalted by your worship.
You were not hungry.

You visited 5 branches of the dungeon, and saw 30 of its levels.
You visited 1 bazaar.

You collected 2770 gold pieces.
You spent 2537 gold pieces at shops.

Inventory:

Hand Weapons
 q - the +1 rapier of Cataclysm {pierce, rN+ Int+2 Dex-5, unknown}
   (You found it on level 15 of the Dungeon)

   It inflicts extra damage upon your enemies.
   It affects your intelligence (+2).
   It affects your dexterity (-5).
   It protects you from negative energy.
 y - the cursed +1 scimitar "Sarcophage" {slice, *Contam +Rage rC+ Dex+6}
   (You bought it in a shop in a bazaar)

   It inflicts extra damage upon your enemies.
   It affects your dexterity (+6).
   It protects you from cold.
   It lets you go berserk.
   It causes magical contamination when unequipped.
   It has a curse placed upon it.
 Y - a +10 long sword
Armour
 D - the +0 pair of boots "Lorer" (worn) {Dex+5 Stlth-}
   (You acquired it on level 3 of the Shoals)

   It affects your dexterity (+5).
   It makes you less stealthy.
 F - a +2 cloak (worn)
 R - a +0 troll leather armour (worn)
Magical Staves
 C - an uncursed staff of conjuration
 W - an uncursed staff of fire (weapon)
Jewellery
 a - an uncursed ring of ice
 p - a ring of magical power (right hand)
 u - the ring "Toreihet" (left hand) {*Contam +Fly rElec MR+ Int+4}
   (You found it on level 4 of the Dungeon)

   [ring of protection from magic]

   It affects your intelligence (+4).
   It insulates you from electricity.
   It affects your resistance to hostile enchantments.
   It lets you fly.
   It causes magical contamination when unequipped.
 x - an uncursed ring of protection from cold
 H - an amulet of faith (around neck)
 P - an uncursed ring of see invisible
 Q - an uncursed amulet of regeneration
Wands
 v - a wand of scattershot (14)
 z - a wand of digging (4)
 K - a wand of flame (29)
 N - a wand of iceblast (18)
 S - a wand of acid (7)
Scrolls
 b - 7 scrolls of blinking
 d - 4 scrolls of fog {unknown}
 f - 2 scrolls of enchant weapon
 i - 9 scrolls of remove curse
 j - 7 scrolls of immolation {unknown}
 m - 7 scrolls of magic mapping
 n - 15 scrolls of teleportation
 A - 6 scrolls of enchant armour
 G - 7 scrolls of amnesia {unknown}
 I - 2 scrolls of brand weapon {unknown}
 J - a scroll of holy word
 L - a scroll of summoning {unknown}
 V - 2 scrolls of fear
 Z - 2 scrolls of silence {unknown}
Potions
 e - 2 potions of mutation
 g - 6 potions of haste
 h - 4 potions of cancellation
 l - 2 potions of might
 o - a potion of agility {unknown}
 r - 24 potions of curing
 t - a potion of invisibility
 w - 5 potions of flight
 B - a potion of berserk rage {unknown}
 E - 2 potions of brilliance
 O - 2 potions of ambrosia
 T - 5 potions of lignification
 X - 2 potions of magic
Miscellaneous
 s - a phantom mirror
 M - a phial of floods
 U - a lightning rod (4/4)
Comestibles
 c - 25 rations


   Skills:
 + Level 6.9 Fighting
   Level 4.9 Axes
 + Level 0.1 Staves
 + Level 4.8 Armour
 + Level 7.0 Dodging
 + Level 5.0 Stealth
 + Level 0.2 Unarmed Combat
 + Level 12.2 Spellcasting
 + Level 14.3 Conjurations
 + Level 1.4 Hexes
 * Level 9.5 Charms
 + Level 0.1 Necromancy
 + Level 15.0 Fire Magic
 + Level 6.5 Earth Magic
 * Level 7.3 Invocations
 + Level 1.6 Evocations


You had 3 spell levels left.
You knew the following spells:

 Your Spells              Type           Power        Failure   Level  Hunger
a - Flame Tongue          Conj/Fire      #####        0%          1    None
b - Conjure Flame         Conj/Fire      #######.     1%          3    None
c - Sticky Flame          Conj/Fire      #######.     1%          4    None
d - Inner Flame           Hex/Fire       ######..     1%          3    None
e - Fireball              Conj/Fire      #######...   1%          5    ####...
f - Bolt of Magma         Conj/Fire/Erth #######...   1%          5    ####...
g - Regeneration          Chrm/Necr      ####......   1%          3    None
h - Iron Shot             Conj/Erth      ######....   11%         6    #####..
i - Ring of Flames        Chrm/Fire      #######...   26%         7    #######

Your spell library contained the following spells:

 Spells                   Type           Power        Failure   Level  Hunger
 Magic Dart               Conj           ####         0%          1    None
 Sandblast                Erth           #####.       1%          1    None
 Passwall                 Tmut/Erth      ####....     1%          2    None
 Searing Ray              Conj           ######       1%          2    None
 Throw Flame              Conj/Fire      ######       1%          2    None
 Throw Frost              Conj/Ice       #####.       1%          2    None
 Dazzling Spray           Conj/Hex       #####.       1%          3    None
 Ozocubu's Armour         Chrm/Ice       ####....     1%          3    None
 Stone Arrow              Conj/Erth      ######       1%          3    None
 Confusing Touch          Hex            ###...       2%          1    None
 Mephitic Cloud           Conj/Pois/Air  ####....     2%          3    None
 Animate Skeleton         Necr           N/A          4%          1    None
 Apportation              Tloc           ##....       4%          1    None
 Freeze                   Ice            ##..         4%          1    None
 Pain                     Necr           ##..         4%          1    None
 Summon Small Mammal      Summ           ##..         4%          1    None
 Poisonous Vapours        Pois/Air       ##....       8%          2    None
 Vampiric Draining        Necr           ##........   14%         3    None
 Recall                   Summ/Tloc      N/A          16%         3    None
 Fulminant Prism          Conj/Hex       #####.....   1%          4    None
 Iskenderun's Mystic Bla  Conj           ######..     1%          4    None
 Iskenderun's Battlesphe  Conj/Chrm      ######..     1%          5    ####...
 Force Lance              Conj/Tloc      #####...     2%          4    None
 Throw Icicle             Conj/Ice       #####...     2%          4    None
 Bolt of Draining         Conj/Necr      #####.....   7%          5    ####...
 Venom Bolt               Conj/Pois      #####.....   8%          5    ####...
 Leda's Liquefaction      Hex/Erth       ####......   10%         4    None
 Lee's Rapid Deconstruct  Erth           #####.....   10%         5    ####...
 Orb of Destruction       Conj           ######....   12%         7    #######
 Petrify                  Tmut/Erth      ####....     13%         4    None
 Borgnjor's Vile Clutch   Necr/Erth      ####......   34%         5    ####...
 Conjure Ball Lightning   Conj/Air       #####.....   38%         6    #####..
 Animate Dead             Necr           N/A          43%         4    None
 Summon Ice Beast         Ice/Summ       ##......     45%         4    None
 Summon Lightning Spire   Summ/Air       ##......     45%         4    None
 Silence                  Hex/Air        ###.......   71%         5    ####...
 Summon Mana Viper        Hex/Summ       ###.....     71%         5    ####...
 Deflect Missiles         Chrm/Air       ####......   71%         6    #####..
 Freezing Cloud           Conj/Ice/Air   ####......   73%         6    #####..
 Aura of Abjuration       Summ           ##........   80%         5    ####...
 Summon Demon             Summ           ##........   80%         5    ####...
 Summon Forest            Summ/Tloc      ##........   80%         5    ####...
 Statue Form              Tmut/Erth      ####.....    89%         6    #####..
 Spellforged Servitor     Conj/Summ      #####.....   92%         7    #######
 Death Channel            Necr           ##........   100%        6    #####..
 Ozocubu's Refrigeration  Ice            ##........   100%        6    #####..
 Shadow Creatures         Summ           N/A          100%        6    #####..
 Simulacrum               Ice/Necr       ##........   100%        6    #####..
 Tornado                  Air            ##........   100%        9    #######


Dungeon Overview and Level Annotations

Branches:
Dungeon (15/15)              Lair (6/6) D:10         Shoals (4/4) Lair:4
 Spider (0/4) Lair:3        Slime (0/5) Lair:5          Orc (2/2) D:11
    Elf (3/3) Orc:2        Vaults (0/5) D:13         Depths (0/5) D:15
 Temple: D:4-7

Altars:
Ashenzari
Elyvilon
Fedhas
Makhleb
Qazlal
Ru
Sif Muna
Trog
Uskayaw
Vehumet

Shops:
D:4 [   D:5 [   D:6 ?   Orc:2 ?(*%(   Elf:1 (   Elf:3 ?   Shoals:2 =

Annotations:
D:5 Edmund
D:13 1 runed translucent door, Tramtrist's ghost, journeyman DDFi
Elf:2 3 runed translucent doors


Innate Abilities, Weirdness & Mutations

You can walk on water.
Your skin changes colour to match your surroundings (Stealth+).
You evolve.
Your movements are slightly less encumbered by armour. (ER -2)


Message History

Unknown command.
Casting: Bolt of Magma (safe; 1% risk of failure)
Confirm with . or Enter, or press ? or * to list all spells.
Aiming: Bolt of Magma (safe; 1% risk of failure)
Press: ? - help, Shift-Dir - straight line, f/p - deep elf mage
Aim: a deep elf mage, wielding a +0 rapier and wearing a +0 leather armour You feel a surge of power!
The bolt of magma hits something!!
The bolt of magma misses the deep elf mage.
Something hits you!
* * * LOW HITPOINT WARNING * * *
Something hits you!!
* * * LOW HITPOINT WARNING * * *
The deep elf mage mumbles some strange words.
You fade into invisibility!
Something barely misses you.
The deep elf archer shoots an arrow.
The arrow hits the deep elf mage!
You hear some strange, mumbled words.
A shard of ice appears from out of thin air!
The shard of ice hits you!!
You die...

......###......
...............
#.............#
#[......e.....#
#....E.)..#
#...)...# #e#
######## #{#
##....... #@#
##.#######
#o#######.## ##
#oooo..#.## ##.
####....## ##o#
#....# ##.##
#..[.# ##.##
#####)...#####.##
................##
.#######..#######


You could see a deep elf archer, an earth elemental, a deep elf mage, the
friendly Gorbash the orc warlord, the friendly Warrok the orc warlord and a
friendly orc knight.

Vanquished Creatures
  2 deep elf annihilators
  Snorg (D:11)
  A merfolk javelineer (Shoals:4)
  2 death oozes (Lair:6)
  2 deep elf high priests (Elf:3)
  A great orb of eyes (Lair:6)
  Harold (D:7)
  4 hydras
  5 merfolk avatars
  A catoblepas (Lair:4)
  2 ogre magi (Orc:2)
  5 dancing weapons
  An alligator snapping turtle (Shoals:3)
  9 two-headed ogres
  2 death yaks (Lair:5)
  A centaur warrior (D:15)
  A satyr (Shoals:3)
  10 deep elf knights
  A wizard (Elf:1)
  4 sea snakes
  8 deep elf archers
  2 harpies (Shoals:4)
  A necromancer (D:15)
  4 oklob plants (Lair:5)
  8 manticores
  8 fauns
  22 deep elf magi
  3 merfolk sirens
  3 cyclopes
  5 elephants
  2 naga magi (D:15)
  10 ugly things
  4 water nymphs
  5 black mambas
  2 centaur skeletons
  6 spiny frogs
  2 komodo dragons (Lair:5)
  3 kobold demonologists (D:13)
  2 rime drakes (Lair:4)
  A freezing wraith (D:15)
  2 meliai (D:15)
  2 trolls
  A wind drake (Shoals:1)
  11 blink frogs
  13 merfolk
  4 slime creatures
  3 dream sheep (Shoals:1)
  A polar bear (Lair:5)
  9 hippogriffs
  3 snapping turtles
  3 air elementals
  2 wyverns
  2 water elementals
  3 shadows
  A centaur simulacrum (D:15)
  A vampire (D:14)
  13 yaks
  A fire elemental (Elf:1)
  A basilisk (D:15)
  4 wargs
  A steam dragon (D:10)
  A hungry ghost (D:12)
  2 vampire mosquitoes (D:12)
  Menkaure (D:6)
  5 water moccasins
  3 porcupines
  2 black bears
  A phantom (D:4)
  4 orc warriors
  6 ice beasts
  2 sky beasts
  26 ogres
  9 wolves
  A boggart (Elf:1)
  9 centaurs
  8 crocodiles
  2 big kobolds
  An earth elemental (Elf:1)
  6 bullfrogs
  4 scorpions
  4 electric eels
  10 killer bees
  12 wights
  4 howler monkeys
  A bullfrog zombie (D:8)
  2 centaur zombies
  A bullfrog skeleton (D:5)
  8 hounds
  3 jellies
  7 orc wizards
  4 orc priests
  Jessica (D:3)
  3 iguanas
  Natasha (thrice) (D:4)
  8 worker ants
  A killer bee zombie (D:7)
  2 hound zombies
  A hound skeleton (D:6)
  12 adders
  A howler monkey skeleton (D:8)
  A shadow imp (D:13)
  5 oozes
  An adder zombie (D:5)
  An adder skeleton (D:4)
  6 worms
  6 leopard geckos
  15 orcs
  7 bats
  6 giant cockroaches
  4 hobgoblins
  24 jackals
  2 quokkas
  A ball python (D:1)
  7 frilled lizards
  8 goblins
  6 kobolds
  A quokka skeleton (D:5)
  10 rats
530 creatures vanquished.

Vanquished Creatures (collateral kills)
  Jorgrun (Shoals:1)
  2 deep elf sorcerers
  A merfolk javelineer (Shoals:4)
  2 merfolk impalers (Shoals:4)
  2 deep elf death magi
  2 ogre magi (Orc:2)
  2 hydras
  2 centaur warriors
  2 merfolk avatars (Shoals:4)
  5 merfolk aquamancers
  8 dancing weapons
  6 two-headed ogres (Orc:2)
  4 death yaks
  An alligator snapping turtle (Shoals:3)
  5 deep elf knights
  4 skeletal warriors (D:15)
  3 unseen horrors (D:14)
  A wizard (Elf:1)
  7 sea snakes
  5 deep elf archers
  3 harpies
  An orc knight (Orc:1)
  A wolf spider (D:13)
  11 ugly things
  8 deep elf magi
  2 cyclopes
  5 fauns
  4 manticores
  4 elephants (Lair:6)
  4 merfolk sirens
  2 black mambas
  A naga mage (D:15)
  2 centaur zombies
  A centaur skeleton (D:15)
  2 water nymphs
  6 spiny frogs
  A kobold demonologist (D:13)
  2 rime drakes (Lair:6)
  A meliai (D:15)
  3 trolls
  12 merfolk
  5 hippogriffs
  2 wind drakes (Shoals:4)
  6 blink frogs
  7 slime creatures
  A dream sheep (Shoals:1)
  11 snapping turtles
  A shadow (D:15)
  7 water elementals
  An air elemental (Elf:3)
  A wyvern (shapeshifter) (Elf:1)
  A fire elemental (Elf:1)
  3 basilisks
  16 yaks
  A warg (shapeshifter) (D:14)
  An acid dragon (D:13)
  A porcupine (Lair:4)
  4 water moccasins
  3 eyes of draining
  A hornet zombie (D:15)
  3 orc warriors (D:11)
  4 ogres
  17 wolves
  4 crocodiles
  4 centaurs
  A big kobold (D:13)
  8 bullfrogs
  A wyvern zombie (D:11)
  An earth elemental (Elf:2)
  3 scorpions
  2 killer bees (D:13)
  3 wights (D:12)
  A howler monkey (D:13)
  3 crimson imps
  A bullfrog zombie (D:12)
  An orc priest (Orc:1)
  4 hounds
  2 jellies
  A bullfrog skeleton (D:11)
  3 orc wizards
  3 iguanas
  5 worker ants
  A hound skeleton (D:10)
  A shadow imp (D:12)
  3 oozes (Lair:6)
  A worm (Lair:3)
  10 orcs
  A giant cockroach (Lair:3)
  4 kobolds
  A crawling corpse (Elf:3)
  A fungus (Lair:2)
  6 plants
318 creatures vanquished.

Vanquished Creatures (others)
  2 orc knights
  An orc sorcerer (D:15)
  A deep elf mage (Elf:1)
  3 orc wizards
  6 orc warriors
  5 orc priests
  14 orcs
  A jackal (D:2)
  5 fungi
  15 plants
53 creatures vanquished.

Grand Total: 901 creatures vanquished

Notes
Turn   | Place    | Note
-------+----------+-------------------------------------------
     0 | D:1      | doot the Hill Orc Fire Elementalist began the quest for the
                  | Orb.
     0 | D:1      | Reached XP level 1. HP: 14/14 MP: 3/3
   212 | D:1      | Reached XP level 2. HP: 20/20 MP: 0/4
   869 | D:1      | Reached XP level 3. HP: 20/26 MP: 0/5
  1472 | D:2      | Found a radiant altar of Vehumet.
  1510 | D:2      | Reached skill level 4 in Fire Magic
  1767 | D:2      | Learned a level 3 spell: Conjure Flame
  1885 | D:2      | Reached XP level 4. HP: 33/33 MP: 0/7
  2139 | D:2      | Found a deep blue altar of Sif Muna.
  2692 | D:3      | Found a shattered altar of Ashenzari.
  2726 | D:3      | Noticed Jessica
  2732 | D:3      | Killed Jessica
  2960 | D:3      | Became a worshipper of Beogh the Brigand
  2966 | D:3      | Found a stormy altar of Qazlal.
  2967 | D:3      | Reached XP level 5. HP: 38/38 MP: 4/8
  2976 | D:3      | Learned a level 4 spell: Sticky Flame
  2980 | D:3      | Found a blossoming altar of Fedhas.
  3080 | D:3      | Noticed an ogre
  3124 | D:3      | Killed an ogre
  3481 | D:3      | Found a sacrificial altar of Ru.
  3552 | D:4      | Noticed Natasha
  3559 | D:4      | Reached XP level 6. HP: 46/46 MP: 7/10
  3562 | D:4      | Killed Natasha
  3591 | D:4      | Found Osune's Armour Shop.
  3605 | D:4      | Noticed Natasha
  3623 | D:4      | Killed Natasha
  3628 | D:4      | Learned a level 3 spell: Inner Flame
  3707 | D:4      | Got a warped iron ring
  3780 | D:4      | Noticed a water moccasin
  3784 | D:4      | Killed a water moccasin
  3929 | D:4      | Noticed Natasha
  3935 | D:4      | Killed Natasha
  3989 | D:4      | Reached XP level 7. HP: 48/51 MP: 9/12
  3996 | D:4      | Identified the ring "Toreihet" {*Contam +Fly rElec MR+
                  | Int+4} (You found it on level 4 of the Dungeon)
  3999 | D:4      | Reached skill level 5 in Fire Magic
  4016 | D:4      | Reached * piety under Beogh
  4548 | D:4      | Found a white marble altar of Elyvilon.
  4674 | D:5      | Entered Level 5 of the Dungeon
  4833 | D:4      | Reached skill level 1 in Axes
  4964 | D:5      | Reached skill level 1 in Fighting
  5485 | D:5      | Found Iluggawk's Antique Armour Boutique.
  5680 | D:5      | Reached XP level 8. HP: 52/61 MP: 5/13
  5877 | D:6      | Noticed Menkaure
  5885 | D:6      | Killed Menkaure
  6063 | D:5      | Noticed Edmund
  6267 | D:6      | Found Acug's Magic Scroll Emporium.
  6270 | D:6      | Bought a scroll of blinking for 112 gold pieces
  6270 | D:6      | Bought a scroll of blinking for 112 gold pieces
  6270 | D:6      | Bought a scroll of identify for 30 gold pieces
  6389 | D:6      | Found a hide-covered altar of Uskayaw.
  6691 | D:6      | Reached ** piety under Beogh
  6691 | D:6      | Reached skill level 6 in Fire Magic
  6851 | D:6      | Reached skill level 1 in Evocations
  6980 | D:7      | Noticed a two-headed ogre
  6995 | D:7      | Killed a two-headed ogre
  6995 | D:7      | Reached skill level 5 in Conjurations
  6995 | D:7      | Reached skill level 7 in Fire Magic
  6995 | D:7      | Reached XP level 9. HP: 68/68 MP: 3/16
  7150 | D:7      | Learned a level 5 spell: Fireball
  7603 | D:7      | Reached skill level 5 in Spellcasting
  7873 | D:7      | Noticed Harold
  8244 | D:7      | Killed Harold
  8244 | D:7      | Reached skill level 1 in Hexes
  8244 | D:7      | Reached skill level 8 in Fire Magic
  8244 | D:7      | Reached XP level 10. HP: 50/75 MP: 8/18
  8521 | D:7      | Noticed a two-headed ogre
  8529 | D:7      | Killed a two-headed ogre
  9160 | D:8      | Found a burning altar of Makhleb.
  9199 | D:8      | Reached *** piety under Beogh
  9556 | D:9      | Found a bloodstained altar of Trog.
 10046 | D:10     | Entered Level 10 of the Dungeon
 10372 | D:10     | Found a staircase to the Lair.
 10582 | D:10     | Reached skill level 9 in Fire Magic
 11121 | D:11     | Reached XP level 11. HP: 82/82 MP: 16/21
 11241 | D:11     | Noticed a brown ugly thing
 11248 | D:11     | Killed a brown ugly thing
 11413 | D:11     | Found a staircase to the Orcish Mines.
 11427 | D:11     | Reached **** piety under Beogh
 11840 | D:11     | Noticed Snorg
 11847 | D:11     | Killed Snorg
 12011 | D:11     | You fall through a shaft!
 12102 | D:12     | Noticed a two-headed ogre
 12115 | D:12     | Killed a two-headed ogre
 12234 | D:12     | Reached skill level 1 in Armour
 12239 | D:12     | Reached skill level 10 in Fire Magic
 12367 | D:12     | Noticed a cyclops
 12374 | D:12     | Killed a cyclops
 12383 | D:12     | Learned a level 5 spell: Bolt of Magma
 12415 | D:12     | Noticed a cyclops
 12446 | D:12     | Gained Warrok as an ally
 12452 | D:11     | Reached skill level 5 in Dodging
 12644 | D:12     | Noticed a manticore
 12661 | D:12     | Killed a manticore
 12922 | D:12     | Noticed a white ugly thing
 12929 | D:12     | Killed a white ugly thing
 13085 | D:12     | Noticed a deep elf mage
 13100 | D:12     | Killed a cyclops
 13101 | D:12     | Killed a deep elf mage
 13370 | D:13     | Noticed Tramtrist's ghost (journeyman DDFi)
 13549 | Lair:1   | Entered Level 1 of the Lair of Beasts
 13633 | Lair:1   | Reached skill level 1 in Invocations
 13710 | Lair:1   | Reached XP level 12. HP: 83/92 MP: 14/23
 14251 | Lair:1   | Reached ***** piety under Beogh
 16243 | Lair:2   | Reached skill level 10 in Conjurations
 16247 | Lair:2   | Reached skill level 11 in Fire Magic
 16399 | Lair:3   | Noticed a four-headed hydra
 16435 | Lair:3   | Killed a four-headed hydra
 16717 | Lair:3   | Found a hole to the Spider Nest.
 17247 | Lair:3   | Noticed a six-headed hydra
 17252 | Lair:3   | Killed a six-headed hydra
 17536 | Lair:4   | Reached XP level 13. HP: 99/99 MP: 26/26
 17792 | Lair:4   | Reached skill level 5 in Fighting
 17797 | Lair:4   | HP: 5/100 [six-headed hydra (1)]
 17917 | Lair:4   | Learned a level 3 spell: Regeneration
 18006 | Lair:4   | Reached skill level 12 in Fire Magic
 18123 | Lair:4   | Found a staircase to the Shoals.
 18369 | Lair:4   | Reached skill level 1 in Charms
 19923 | Lair:5   | Found a staircase to the Slime Pits.
 20582 | Lair:6   | Entered Level 6 of the Lair of Beasts
 20610 | Lair:6   | Reached ****** piety under Beogh
 20883 | Lair:6   | Noticed a great orb of eyes
 21048 | Lair:6   | Killed a great orb of eyes
 21048 | Lair:6   | Reached XP level 14. HP: 107/108 MP: 22/27
 21120 | Lair:6   | Noticed an acid blob
 21807 | D:13     | Reached skill level 10 in Spellcasting
 21851 | D:13     | Found a runed translucent door.
 22465 | D:13     | Found a gate to the Vaults.
 22687 | D:13     | Reached skill level 13 in Fire Magic
 23225 | D:14     | Identified the Disquisition on Shifting Cold
 23248 | D:14     | Reached skill level 1 in Earth Magic
 23764 | D:14     | Reached skill level 5 in Charms
 24293 | D:14     | Gained Gorbash as an ally
 24429 | D:14     | Identified Sif Muna's Papyrus of Dark Earth
 24716 | Orc:1    | Entered Level 1 of the Orcish Mines
 25279 | Orc:2    | Entered Level 2 of the Orcish Mines
 25637 | Orc:2    | Found a radiant altar of Vehumet.
 25715 | Orc:2    | Found Zeath's Antique Weapon Shoppe.
 25780 | Orc:2    | Found Ywecu's Food Shop.
 25780 | Orc:2    | Found Isininot's General Store.
 25846 | Orc:2    | Gained Ugbert as an ally
 25846 | Orc:2    | Reached XP level 15. HP: 45/115 MP: 6/29
 26186 | Orc:2    | Found a staircase to the Elven Halls.
 26816 | Orc:2    | Found Sixurooxay's Antique Weapon Emporium.
 26816 | Orc:2    | Found Ewefavocw's Magic Scroll Boutique.
 26857 | Orc:2    | Bought 2 scrolls of blinking for 240 gold pieces
 26871 | Orc:2    | Bought a fine battleaxe for 356 gold pieces
 26873 | Orc:2    | Identified the +8 battleaxe "Paxiedud" {pain, +Fly SInv}
                  | (You bought it in a shop on level 2 of the Orcish Mines)
 27224 | D:15     | Entered Level 15 of the Dungeon
 27899 | D:15     | Found a staircase to the Depths.
 28181 | D:15     | Got a fine rapier
 28195 | D:15     | Your ally Ugbert died
 28793 | Shoals:1 | Entered Level 1 of the Shoals
 29198 | Shoals:1 | Gained Ogrik as an ally
 29474 | Shoals:1 | Noticed Jorgrun
 29481 | Shoals:1 | Killed Jorgrun
 29682 | Shoals:1 | Reached skill level 14 in Fire Magic
 30223 | Shoals:2 | Gained mutation: Your skin changes colour to match your
                  | surroundings (Stealth+). [potion of mutation]
 30223 | Shoals:2 | Gained mutation: You passively map a small area around you.
                  | [potion of mutation]
 30223 | Shoals:2 | Gained mutation: You tend to lose your temper in combat.
                  | [potion of mutation]
 30223 | Shoals:2 | Gained mutation: Your spells are a little harder to cast,
                  | but a little more powerful. [potion of mutation]
 30607 | Shoals:2 | Lost mutation: Your spells are a little harder to cast, but
                  | a little more powerful. [potion of mutation]
 30607 | Shoals:2 | Lost mutation: You tend to lose your temper in combat.
                  | [potion of mutation]
 30607 | Shoals:2 | Lost mutation: You passively map a small area around you.
                  | [potion of mutation]
 30607 | Shoals:2 | Gained mutation: You evolve. [potion of mutation]
 30607 | Shoals:2 | Gained mutation: Your movements are slightly less
                  | encumbered by armour. (ER -2) [potion of mutation]
 30607 | Shoals:2 | Gained mutation: Your magical capacity is low. (-10% MP)
                  | [potion of mutation]
 30947 | Shoals:2 | Found Guagrici's Jewellery Shoppe.
 31023 | Shoals:3 | Reached XP level 16. HP: 115/124 MP: 28/28
 31319 | Shoals:3 | Lost mutation: Your magical capacity is low. (-10% MP)
                  | [evolution]
 31552 | Shoals:3 | Your ally Ogrik died
 31899 | Shoals:3 | Learned a level 6 spell: Iron Shot
 32435 | Shoals:4 | Entered Level 4 of the Shoals
 32519 | Shoals:4 | Found a flickering gateway to a bazaar.
 32531 | Bazaar   | Entered a bazaar
 32557 | Bazaar   | Found Tafoy's Armour Boutique.
 32623 | Bazaar   | Found Ykokh's Weapon Boutique.
 32647 | Bazaar   | Found Qiacs's Magic Scroll Shoppe.
 32686 | Bazaar   | Found Nudued's Distillery.
 32722 | Bazaar   | Found Marphips's General Store.
 32762 | Bazaar   | Bought a potion of mutation for 80 gold pieces
 32806 | Bazaar   | Bought the cursed +1 scimitar "Sarcophage" {slice, *Contam
                  | +Rage rC+ Dex+6} for 520 gold pieces
 32830 | Bazaar   | Bought a scroll of holy word for 112 gold pieces
 32830 | Bazaar   | Bought a scroll of teleportation for 45 gold pieces
 32830 | Bazaar   | Bought a scroll of acquirement for 780 gold pieces
 32872 | Bazaar   | Bought a potion of curing for 51 gold pieces
 32872 | Bazaar   | Bought a potion of curing for 51 gold pieces
 33141 | Shoals:3 | Got a pair of transparent boots
 33152 | Shoals:3 | Identified the +0 pair of boots "Lorer" {Dex+5 Stlth-} (You
                  | acquired it on level 3 of the Shoals)
 33638 | Shoals:4 | Gained Jorge as an ally
 33706 | Shoals:4 | Reached skill level 5 in Stealth
 33754 | Shoals:4 | Got a barnacled rune of Zot
 33777 | Shoals:4 | Your ally Jorge died
 34016 | Lair:5   | Reached skill level 5 in Earth Magic
 34362 | Elf:1    | Entered Level 1 of the Elven Halls
 35222 | Elf:1    | Reached skill level 5 in Invocations
 35458 | Elf:1    | Found Ufiddyad's Weapon Emporium.
 35825 | Elf:1    | Reached XP level 17. HP: 73/130 MP: 1/32
 37162 | Elf:2    | Learned a level 7 spell: Ring of Flames
 37268 | Elf:2    | Found a runed translucent gate.
 37307 | Elf:2    | Found a runed translucent gate.
 37463 | Elf:2    | Found a runed translucent gate.
 38076 | Elf:3    | Entered Level 3 of the Elven Halls
 38104 | Elf:3    | Reached skill level 15 in Fire Magic
 38547 | Elf:3    | Found Muteesec's Magic Scroll Shop.
 38555 | Elf:3    | Bought a scroll of teleportation for 48 gold pieces
 39004 | Elf:3    | Identified the +11 long sword "Xiumofer" {speed, *Rage
                  | Str+6 SInv}
 39019 | Elf:3    | Killed from afar by a deep elf knight

Skill      XL: |  1  2  3  4  5  6  7  8  9 10 11 12 13 14 15 16 17 |
---------------+----------------------------------------------------+-----
Spellcasting   | 2 3 4 5 6 7 9 10 11 12 | 12.2
Fire Magic     | 4 5 7 8 9 10 11 12 13 14 15 | 15.0
Conjurations   | 2 3 4 5 6 7 8 10 11 12 13 14 | 14.3
Dodging        | 2 3 4 5 6 7 |  7.0
Stealth        | 2 3 4 5 |  5.0
Axes           | 2 4 |  4.9
Fighting       | 2 3 4 5 6 |  6.9
Evocations     | 1 |  1.6
Hexes          | 1 |  1.4
Armour         | 2 3 4 |  4.8
Invocations    | 1 2 5 7 |  7.3
Charms         | 3 6 7 9 |  9.5
Earth Magic    | 1 3 5 6 |  6.5
Staves         | |  0.1
Unarmed Combat | |  0.2
Necromancy     | |  0.1

Action                   |  1- 3 |  4- 6 |  7- 9 | 10-12 | 13-15 | 16-18 || total
-------------------------+-------+-------+-------+-------+-------+-------++-------
Melee: Unarmed           |     3 |     3 |       |       |       |       ||     6
       Hand axe          |       |     4 |   112 |       |       |       ||   116
       Staff             |       |       |     2 |    21 |     6 |       ||    29
 Cast: Flame Tongue      |    68 |    85 |   177 |   299 |   220 |    35 ||   884
       Sticky Flame      |       |     1 |    13 |   103 |   163 |    37 ||   317
       Conjure Flame     |       |     1 |     7 |    10 |     6 |     4 ||    28
       Inner Flame       |       |       |     4 |     1 |     3 |       ||     8
       Fireball          |       |       |     1 |     4 |    34 |    13 ||    52
       Bolt of Magma     |       |       |       |     5 |   134 |   151 ||   290
       Regeneration      |       |       |       |       |     2 |     9 ||    11
       Iron Shot         |       |       |       |       |       |    28 ||    28
Invok: Convert to Beogh  |       |     1 |       |       |       |       ||     1
       Recall Orcish Fol |       |       |       |     7 |    15 |     5 ||    27
       Smiting           |       |       |       |       |     1 |    24 ||    25
       Give Item to Name |       |       |       |       |     1 |     1 ||     2
Evoke: Wand              |       |       |     1 |     2 |     2 |       ||     5
  Use: Scroll            |       |     2 |       |     8 |    13 |     6 ||    29
       Potion            |       |       |       |       |     5 |     2 ||     7
 Stab: Sleeping          |       |       |     2 |       |       |       ||     2
  Eat: Chunk             |     1 |     7 |     8 |    35 |    47 |    43 ||   141
       Ration            |     1 |       |     3 |     2 |     8 |     5 ||    19
Armor: Robe              |    15 |    12 |    25 |    14 |       |       ||    66
       Troll leather arm |       |       |       |    63 |    91 |    28 ||   182
Dodge: Dodged            |    49 |    41 |   145 |   278 |   299 |    96 ||   908
Block: Other             |       |       |    16 |     5 |       |       ||    21
       Reflection        |       |       |     4 |       |       |       ||     4
